 Dungeon Crawl Stone Soup version 0.29.1-1-gd02db6906a (webtiles) character file.

Game seed: 4243982633706497178

6276 holycorn the Severer (level 10, 0/91 HPs)
             Began as a Minotaur Berserker on Sept 21, 2022.
             Was an Elder of Trog.
             Slain by a wight
             ... wielding a +3 trident
              (8 damage)
             ... on level 8 of the Dungeon.
             The game lasted 00:21:05 (9837 turns).

holycorn the Severer (Minotaur Berserker)           Turns: 9837, Time: 00:21:06

Health: 0/91       AC: 14    Str: 26    XL:     10   Next: 63%
Magic:  9/9        EV:  7    Int:  4    God:    Trog [****..]
Gold:   474        SH:  0    Dex: 10    Spells: 9/9 levels left

rFire   + . .      SeeInvis .   x - +3 battleaxe
rCold   . . .      Faith    .   (shield currently unavailable)
rNeg    . . .      Spirit   .   y - +0 plate armour
rPois   .          Reflect  .   (helmet restricted)
rElec   .          Harm     .   (no cloak)
rCorr   .          Rampage  .   m - +1 pair of gloves
Will    .....                   B - +0 pair of boots
Stlth   ..........              (no amulet)
HPRegen 0.25/turn               o - ring of protection from fire
MPRegen 0.11/turn               (no ring)

@: mighty, lethally poisoned (0 -> -44), about to teleport, on berserk cooldown,
slowed, very slow
A: horns 2, retaliatory headbutt
a: Renounce Religion, Berserk, Trog's Hand, Brothers in Arms


You were on level 8 of the Dungeon.
You worshipped Trog.
Trog was greatly pleased with you.
You visited 1 branch of the dungeon, and saw 8 of its levels.
You also visited: Ossuary.

You collected 474 gold pieces.

Inventory:

Hand Weapons
 a - a +1 hand axe
 l - a +2 battleaxe of flaming
 x - a +3 battleaxe (weapon)
Armour
 b - a +0 animal skin
 e - a +0 scale mail
 m - a +1 pair of gloves (worn)
 u - a +0 chain mail
 y - a +0 plate armour (worn)
 B - a +0 pair of boots (worn)
Jewellery
 o - a ring of protection from fire (left hand)
Wands
 t - a wand of flame (53)
 E - a wand of roots (6)
Scrolls
 c - 5 scrolls of butterflies
 h - 5 scrolls of enchant armour
 i - a scroll of enchant weapon
 j - 4 scrolls of teleportation
 k - 2 scrolls of vulnerability
 p - 2 scrolls of magic mapping
 w - 3 scrolls of noise
 C - a scroll of identify
Potions
 d - a potion of magic
 f - 6 potions of heal wounds
 g - 2 potions of haste {unknown}
 n - 5 potions of might
 q - 5 potions of curing
 r - 4 potions of mutation
 s - a potion of lignification
 v - 4 potions of flight
 z - 3 potions of brilliance
 A - 2 potions of attraction {unknown}
 D - 2 potions of cancellation {unknown}


   Skills:
 + Level 9.1 Fighting
 * Level 17.2 Axes
 - Level 2.4 Armour
 - Level 2.3 Dodging


You had 9 spell levels left.
You didn't know any spells.
Your spell library was empty.

Dungeon Overview and Level Annotations

Branches:
Dungeon (8/15)             Temple (0/1) D:5         Ossuary (visited)
   Lair: D:8-11

Altars:
Elyvilon
Hepliaklqana
Nemelex Xobeh
Uskayaw
Vehumet
Wu Jian
Xom

Annotations:
D:8 Amaemon


Innate Abilities, Weirdness & Mutations

You have a pair of horns on your head.
You reflexively headbutt those who attack you in melee.


Message History

Amaemon casts a spell at the killer bee.
The killer bee seems to grow toxic.
The orc priest miscasts a cantrip.
The wraith hits you! The wight hits you but does no damage.
The killer bee stings you but does no damage. x2
You feel very mighty all of a sudden.
You feel sick.
You are no longer poisoned.
The killer bee stings you but does no damage. x2
The orange demon stings you from afar.
You are poisoned.
The orange demon poisons you! The wraith completely misses you.
You furiously retaliate!
You headbutt the wraith!
You destroy the wraith!
Trog accepts your kill.
Amaemon gestures at the killer bee while chanting.
The killer bee seems to grow toxic.
The killer bee stings you but does no damage.
The killer bee stings you.
You are more poisoned.
The killer bee poisons you! The wight barely misses you.
The wight hits you from afar with a +3 trident!
You feel drained. The orange demon stings you from afar!
You are lethally poisoned!
The orange demon poisons you!
The orc warrior hits you with a +0 flail.
The killer bee stings you but does no damage. x2
Your life force feels restored.
As you read the scroll of teleportation, it crumbles to dust.
You feel strangely unstable.
* * * LOW HITPOINT WARNING * * *
You feel extremely sick. The killer bee closely misses you.
The killer bee completely misses you.
The killer bee stings you but does no damage.
The killer bee closely misses you.
The orange demon stings you but does no damage.
The orc warrior barely misses you. You furiously retaliate!
You headbutt the orc warrior!
The wight hits you from afar with a +3 trident!
You die...

..
#####.....###.##..#<##......
####...##.....#.........
....###....)).##.....##..
......##.>............#..
.......##.##..........#..
g.....g#####.[...........
....#gzz###......#.....#.
?.).#y4o#.#...#..#....##.
#?.y#yyy@.....#.##.......
....#yoy#..##.........<..
....#yFo####.............
.....o6## ###.......#...
.....yy #......###.. ......#
##....## ##. .$..## ####.#
## #### ###


You could see Amaemon, an orange demon, an orc warrior, a bullfrog, 10 killer
bees, 2 wights, 2 orc priests, 2 gnolls and an orc.

Vanquished Creatures
  Erica (D:8)
  Prince Ribbit (D:7)
  A wyvern (D:7)
  A wraith (D:8)
  3 steam dragons
  An acid dragon (D:8)
  2 ice beasts
  3 orc warriors
  2 black bears
  A centaur (D:8)
  3 ogres (D:6)
  2 kobold brigands (D:8)
  A phantom (D:5)
  4 bullfrogs
  2 necrophages
  2 wyvern zombies (Ossuary)
  3 scorpions
  3 water moccasin zombies (Ossuary)
  11 wights
  19 killer bees
  A crimson imp (D:5)
  A jelly (D:5)
  5 bullfrog zombies (Ossuary)
  3 centaur zombies (Ossuary)
  4 hounds
  3 orc priests
  10 mummies (Ossuary)
  3 iguanas
  7 orc wizards
  2 killer bee zombies (Ossuary)
  2 howler monkey zombies (Ossuary)
  6 adders
  4 white imps
  An ufetubus (D:6)
  2 worms (D:2)
  2 dart slugs (D:2)
  25 orcs
  3 endoplasms (D:3)
  3 goblins
  4 hobgoblins
  A quokka (D:3)
  5 ball pythons
  11 bats
  3 frilled lizards
  14 kobolds
  3 rats
194 creatures vanquished.

Vanquished Creatures (others)
  3 plants (D:3)
  4 toadstools (D:3)
  4 withered plants (Ossuary)
11 creatures vanquished.

Grand Total: 205 creatures vanquished

Notes
Turn   | Place    | Note
-------+----------+-------------------------------------------
     0 | D:1      | holycorn the Minotaur Berserker began the quest for the
                  | Orb.
     0 | D:1      | Reached XP level 1. HP: 19/19 MP: 0/0
   395 | D:1      | Reached skill level 4 in Axes
   960 | D:2      | Reached XP level 2. HP: 27/27 MP: 1/1
  1263 | D:2      | Found a radiant altar of Vehumet.
  1451 | D:2      | Reached XP level 3. HP: 31/33 MP: 2/2
  1600 | D:2      | Reached skill level 5 in Axes
  2264 | D:3      | Reached XP level 4. HP: 40/40 MP: 3/3
  2747 | D:3      | Found a hide-covered altar of Uskayaw.
  2936 | D:3      | Reached skill level 6 in Axes
  3124 | D:3      | Found an ornate altar of the Wu Jian Council.
  3131 | D:3      | Noticed a spectral centipede
  3131 | D:3      | Noticed a spectral black mamba
  3131 | D:3      | Noticed a spectral cane toad
  3605 | D:4      | Identified the +0 pair of gloves "Erphea" {Str+3 Stlth+}
  4117 | D:4      | Noticed a necrophage
  4123 | D:4      | Killed a necrophage
  4124 | D:4      | Reached XP level 5. HP: 43/47 MP: 4/4
  4228 | D:4      | Reached skill level 7 in Axes
  4635 | D:5      | Entered Level 5 of the Dungeon
  4637 | D:5      | Found a sparkling altar of Nemelex Xobeh.
  4680 | D:5      | Reached XP level 6. HP: 45/53 MP: 5/5
  4956 | D:5      | Reached skill level 8 in Axes
  5309 | D:5      | Reached skill level 5 in Fighting
  5344 | D:5      | Found a staircase to the Ecumenical Temple.
  5356 | D:5      | Reached XP level 7. HP: 61/61 MP: 6/6
  5390 | D:5      | Reached skill level 9 in Axes
  5654 | D:6      | Reached ** piety under Trog
  5846 | D:6      | Found a sand-covered staircase.
  5859 | Ossuary  | Entered an ossuary
  5899 | Ossuary  | Reached skill level 10 in Axes
  6180 | Ossuary  | Reached XP level 8. HP: 70/70 MP: 7/7
  6251 | Ossuary  | Reached skill level 11 in Axes
  6627 | Ossuary  | Reached skill level 12 in Axes
  6921 | D:6      | Reached skill level 13 in Axes
  6921 | D:6      | Reached XP level 9. HP: 54/79 MP: 8/8
  7332 | D:6      | Identified a scroll of acquirement
  7332 | D:6      | Acquired a +2 battleaxe of flaming
  7530 | D:7      | Noticed Prince Ribbit
  7546 | D:7      | Killed Prince Ribbit
  7861 | D:7      | Reached *** piety under Trog
  7977 | D:7      | Found a white marble altar of Elyvilon.
  7982 | D:7      | Reached skill level 14 in Axes
  8702 | D:7      | Found a shimmering altar of Xom.
  8703 | D:7      | Found a hazy altar of Hepliaklqana.
  8704 | D:7      | Noticed a spectral ugly thing
  8778 | D:7      | Reached skill level 15 in Axes
  8897 | D:8      | Reached XP level 10. HP: 83/90 MP: 9/9
  8969 | D:8      | Reached skill level 16 in Axes
  9592 | D:8      | Noticed Erica
  9609 | D:8      | Killed Erica
  9822 | D:8      | Noticed an orange demon
  9825 | D:8      | Noticed Amaemon
  9825 | D:8      | Reached **** piety under Trog
  9826 | D:8      | Reached skill level 17 in Axes
  9837 | D:8      | Slain by a wight

Illustrated notes

Levels and vault maps discovered:
D:1:      elethiomel_arrival_infinity_welcomes_careful_drivers, layout_basic,
          chequers_garden, minmay_misc_feat_plants, dreamdust_princess_corridor
D:2:      layout_basic, basic_altar
D:3:      layout_basic, pdpol_wu_jian_five_deadly_venoms,
          mainiacjoe_overflow_tiny_flanked, minmay_gold_behind_fungi,
          serial_bayou_pond_a, chequers_hall_statues_y,
          kennysheep_generic_room_13
D:4:      layout_basic
D:5:      layout_cave_pools, lemuel_doored_altar,
          minmay_temple_entry_stoned_glass, hangedman_decor_riveting,
          minmay_fire_ice_demons
D:6:      layout_basic, chequers_ossuary_entry_cave
D:7:      layout_cave_pools, elyvilon_altar_3, regret_index_temple_of_mockery,
          kennysheep_pointless_box, uniq_prince_ribbit1
D:8:      layout_cave_pools, general_overflow_altar, grunt_potential,
          uniq_amaemon, uniq_erica

Skill      XL: |  1  2  3  4  5  6  7  8  9 10 |
---------------+-------------------------------+-----
Axes           | 4 5 6 7 8 10 13 15 17 | 17.2
Fighting       | 4 5 7 8 9 |  9.1
Armour         | |  2.4
Dodging        | |  2.3

Action                   |  1- 3 |  4- 6 |  7- 9 | 10-12 || total
-------------------------+-------+-------+-------+-------++-------
Melee: Hand axe          |    91 |   107 |   229 |       ||   427
       Headbutt          |     9 |    16 |    71 |    10 ||   106
       Punch             |       |     4 |     4 |       ||     8
       Battleaxe         |       |       |    80 |    63 ||   143
Invok: Berserk           |       |     2 |     5 |     2 ||     9
  Use: Scroll            |       |       |    21 |     1 ||    22
       Potion            |       |       |     1 |     2 ||     3
 Stab: Distracted        |       |       |     1 |       ||     1
Armor: Scale mail        |    52 |    29 |       |       ||    81
       Chain mail        |       |     5 |   141 |    34 ||   180
       Plate armour      |       |       |       |    28 ||    28
Dodge: Dodged            |    42 |    49 |    91 |    40 ||   222
